 Dungeon Crawl Stone Soup version 0.21-a0-421-gfc1ce30 (webtiles) character file.

75 tof the Slasher (level 4, -6/40 HPs)
             Began as a Minotaur Monk on Nov 4, 2017.
             Killed by divine providence
             ... invoked by an orc priest
              (17 damage)
             ... on level 2 of the Dungeon.
             The game lasted 00:02:10 (2031 turns).

tof the Slasher (Minotaur Monk)                     Turns: 2031, Time: 00:02:11

Health: -6/40      AC:  2    Str: 15    XL:     4   Next: 11%
Magic:  3/3        EV: 14    Int:  7    God:
Gold:   90         SH:  0    Dex: 14    Spells: 3/3 levels left

rFire    + . .     SeeInvis .   a - +0 falchion
rCold    . . .     Gourm    .   (no shield)
rNeg     . . .     Faith    .   b - +0 robe
rPois    .         Spirit   .   (helmet restricted)
rElec    .         Reflect  .   (no cloak)
rCorr    .         Harm     .   (no gloves)
MR       .....                  (no boots)
Stlth    ++........             (no amulet)
HPRegen  0.13/turn              e - ring of protection from fire
MPRegen  0.08/turn              (no ring)

@: no status effects
A: retaliatory headbutt, horns 2
a: no special abilities


You were on level 2 of the Dungeon.
You were hungry.

You visited 1 branch of the dungeon, and saw 2 of its levels.

You collected 90 gold pieces.

Inventory:

Hand Weapons
 a - a +0 falchion (weapon)
Missiles
 m - 5 javelins (quivered)
Armour
 b - a +0 robe (worn)
Jewellery
 e - a ring of protection from fire (left hand)
Scrolls
 f - a scroll of enchant armour {unknown}
 g - 4 scrolls of amnesia {unknown}
 j - 2 scrolls of identify {unknown}
 k - a scroll of remove curse {unknown}
 l - a scroll of magic mapping {unknown}
Potions
 h - a potion of lignification {unknown}
 n - a potion of ambrosia {unknown}
 p - a potion of mutation {unknown}
Comestibles
 c - 2 bread rations
 d - 3 meat rations
 i - 2 royal jellies
 o - 2 fruits


   Skills:
 + Level 4.1 Fighting
 * Level 4.6 Long Blades
 + Level 1.3 Throwing
 + Level 1.4 Armour
 + Level 3.7 Dodging
 - Level 1.5 Stealth


You had 3 spell levels left.
You didn't know any spells.

Dungeon Overview and Level Annotations

Branches:
Dungeon (2/15)

Altars:
Elyvilon
Fedhas
Hepliaklqana
Sif Muna
Yredelemnul

Annotations:
D:2 Natasha


Innate Abilities, Weirdness & Mutations

You reflexively headbutt those who attack you in melee.
You have a pair of horns on your head.


Message History

The orc priest is severely wounded.
The orc wizard points at you and mumbles some strange words.
The puff of frost hits you!
The orc priest calls upon Beogh to heal the orc wizard.
The orc wizard's wounds heal themselves!
The orc wizard hits you with a dagger.
You hit the orc priest. Your headbutt misses the orc priest.
The orc priest is almost dead.
The orc wizard closely misses you. You furiously retaliate!
You headbutt the orc wizard. The orc priest hits you with a flail.
The crimson imp shouts, "Scamper home, thou ducking knotty-pated walking sirloin!"
The crimson imp blinks!
Natasha claws you.
* * * LOW HITPOINT WARNING * * *
You hit the orc priest but do no damage.
You headbutt the orc priest, but do no damage.
The orc priest is almost dead.
The orc wizard barely misses you.
The orc priest mumbles some strange prayers to Beogh against you.
Beogh smites you!
You die...

...####
..#########
.....♣♣
#.........#
._....♣
#########.#
......♣ #.#
..%.... #.#
..... #.# 5..♣
#.# ♣♣o..♣♣
#.#♣♣♣♣♣@o...♣
#........h.###
############


You could see an orc priest, an orc wizard, Natasha and a shadow imp.

Vanquished Creatures
  An adder (D:2)
  3 worms (D:2)
  A dart slug (D:2)
  2 leopard geckos (D:1)
  An orc (D:2)
  4 giant cockroaches
  4 goblins
  A hobgoblin (D:1)
  8 jackals (D:1)
  5 kobolds
  4 quokkas (D:2)
  A ball python (D:2)
  3 bats
  A frilled lizard (D:1)
  9 rats
48 creatures vanquished.

Notes
Turn   | Place    | Note
-------+----------+-------------------------------------------
     0 | D:1      | tof the Minotaur Monk began the quest for the Orb.
     0 | D:1      | Reached XP level 1. HP: 19/19 MP: 0/0
   116 | D:1      | Reached XP level 2. HP: 24/27 MP: 1/1
   522 | D:1      | Reached skill level 1 in Armour
   771 | D:1      | Reached XP level 3. HP: 25/33 MP: 2/2
  1067 | D:2      | Reached skill level 1 in Throwing
  1292 | D:2      | Found a hazy altar of Hepliaklqana.
  1556 | D:2      | Found a deep blue altar of Sif Muna.
  1580 | D:2      | Reached XP level 4. HP: 34/40 MP: 3/3
  1783 | D:2      | Found a white marble altar of Elyvilon.
  1835 | D:2      | Found a basalt altar of Yredelemnul.
  2021 | D:2      | Found a blossoming altar of Fedhas.
  2021 | D:2      | Noticed Natasha
  2031 | D:2      | Killed from afar by an orc priest

Vault maps used:
D:1:      doesnt_arrival_eight_statues, corexii_item_surrounded_by_moat
D:2:      kennysheep_ying_yang, old_standard_altar, overflow_temple_1_default,
          nicolae_overflow_hidden_temple, fedhas_altar_fruit_tree, first_bread,
          uniq_natasha

Skill      XL: |  1  2  3 |
---------------+----------+-----
Long Blades    | 4 |  4.6
Armour         | 1 |  1.4
Throwing       | 1 |  1.3
Fighting       | 4 |  4.1
Dodging        | |  3.7
Stealth        | |  1.5

Action                   |  1- 3 |  4- 6 || total
-------------------------+-------+-------++-------
Melee: Falchion          |    91 |    13 ||   104
       Headbutt          |    12 |     5 ||    17
Throw: Javelin           |     2 |       ||     2
 Stab: Sleeping          |     3 |       ||     3
  Eat: Chunk             |     2 |     1 ||     3
Armor: Robe              |    10 |     1 ||    11
Dodge: Dodged            |    69 |    13 ||    82
       Rpst.: Falchion   |    16 |     2 ||    18

Table legend:
 A = Spawn XP
 B = Non-spawn XP
 C = Spawn XP percentage of total XP
 D = Spawn monster count
 E = Non-spawn monster count
 F = Spawn count percentage of total count
 G = Total turns spent on level
                    A         B        C        D         E        F      G
               +---------+---------+-------+---------+---------+-------+---------
         Total |       0 |     108 |   0.0 |       0 |      48 |   0.0 |  2031
               +---------+---------+-------+---------+---------+-------+---------
           D:1 |       0 |      43 |   0.0 |       0 |      24 |   0.0 |  1064
           D:2 |       0 |      65 |   0.0 |       0 |      24 |   0.0 |   967
               +---------+---------+-------+---------+---------+-------+---------
